[Event "Late-Titled-Tuesday-Blitz-March-26-2024"]
[Site "Chess.com"]
[Date "2024.03.26"]
[Round "1"]
[White "frequentblunders"]
[Black "1mbl4"]
[Result "0-1"]
[WhiteElo "2207"]
[BlackElo "2594"]
[TimeControl "180+1"]
[EndTime "14:02:01 PDT"]
[Termination "1mbl4 won by resignation"]

1. d3 d5 2. f4 c5 3. Nf3 Nc6 4.
g3 Nf6 5. Bg2 g6 6. O-O Bg7 7.
Nc3 d4 8. Ne4 Nxe4 9. dxe4 O-O 10. e3 b6 11. Nxd4 cxd4 12. exd4 Qxd4+ 13. Qxd4 Nxd4 14. e5 Rb8 15. Rf2 f6 0-1

[Event "Late-Titled-Tuesday-Blitz-March-26-2024"]
[Site "Chess.com"]
[Date "2024.03.26"]
[Round "1"]
[White "Slovak_fighter2000"]
[Black "sacrifoice"]
[Result "1-0"]
[WhiteElo "2596"]
[BlackElo "2211"]
[TimeControl "180+1"]
[EndTime "14:02:18 PDT"]
[Termination "Slovak_fighter2000 won by resignation"]

1. c4 c5 2. Nc3 Nf6 3. g3 d5 4. cxd5 Nxd5 5. Bg2 Nc7 6. Nf3 Nc6 7. d3 e5 8. O-O Be7 9. Be3 Be6 10. a3 O-O 11.
Rc1 Rc8 12. Qa4 Qd7 13. Ng5 Bxg5 14. Bxc6 f6 15. Bxd7 1-0

[Event "Late-Titled-Tuesday-Blitz-March-26-2024"]
[Site "Chess.com"]
[Date "2024.03.26"]
[Round "1"]
[White "ahkashefi2800"]
[Black "TemploVillamarin"]
[Result "1-0"]
[WhiteElo "2590"]
[BlackElo "2187"]
[TimeControl "180+1"]
[EndTime "14:02:27 PDT"]
[Termination "ahkashefi2800 won by resignation"]

1. e4 d5 2. exd5 Qxd5 3. Nc3 Qa5 4. Nf3 Nf6 5. Bc4 Nc6 6. O-O Bg4 7. h3 Bh5 8. Bb5 O-O-O 9. Bxc6 bxc6 10. d3 e5 11. Qe2 Bb4 12. Ne4 Nxe4 13. Qxe4 Bxf3 14. Qxf3 Qd5 15.
Qg4+ Kb7 16. Qxb4+ 1-0

[Event "Late-Titled-Tuesday-Blitz-March-26-2024"]
[Site "Chess.com"]
[Date "2024.03.26"]
[Round "1"]
[White "Zampronha1971"]
[Black "Zavgorodniy_Sergiy"]
[Result "1/2-1/2"]
[WhiteElo "2366"]
[BlackElo "2657"]
[TimeControl "180+1"]
[EndTime "14:02:29 PDT"]
[Termination "Game drawn by repetition"]

1. e4 c6 2. d4 d5 3. e5 Bf5 4. Nc3 e6 5. g4 Bg6 6. Nge2 c5 7.
h4 cxd4 8. Nxd4 h5 9. Bb5+ Nd7 10.
f4 hxg4 11. f5 Rxh4 12. Rf1 Rh5 13. fxg6 Qh4+ 14. Rf2 Rxe5+ 15. Nde2 Qh1+ 16. Rf1 Qh4+ 17. Rf2 Qh1+ 18. Rf1 Qh4+ 19. Rf2 1/2-1/2

[Event "Late-Titled-Tuesday-Blitz-March-26-2024"]
[Site "Chess.com"]
[Date "2024.03.26"]
[Round "1"]
[White "GHANDEEVAM2003"]
[Black "Good_Knight_Kiss"]
[Result "1-0"]
[WhiteElo "3037"]
[BlackElo "2519"]
[TimeControl "180+1"]
[EndTime "14:02:42 PDT"]
[Termination "GHANDEEVAM2003 won by resignation"]

1. b3 g6 2. Bb2 Nf6 3. g3 Bg7 4.
Bg2 d6 5. d4 O-O 6. Nf3 e5 7.
dxe5 Ng4 8. O-O Nc6 9. Qc1 dxe5 10.
h3 Nh6 11. Rd1 Bd7 12. Nc3 Qc8 13. Nd5 Re8 14. Ng5 Nf5 15. Ne4 Qd8 16. Ndf6+ Bxf6 17. Rxd7 1-0

[Event "Late-Titled-Tuesday-Blitz-March-26-2024"]
[Site "Chess.com"]
[Date "2024.03.26"]
[Round "1"]
[White "sjoerd893"]
[Black "ContrVersia"]
[Result "0-1"]
[WhiteElo "2496"]
[BlackElo "2925"]
[TimeControl "180+1"]
[EndTime "14:02:51 PDT"]
[Termination "ContrVersia won by resignation"]

1. e4 c5 2. Nf3 a6 3. d4 cxd4 4. Nxd4 Nf6 5. Nc3 e5 6. Nf3 Bb4 7. Bd3 d5 8. exd5 e4 9. Qe2 O-O 10. Bxe4 Nxe4 11. Qxe4 Re8 12. Ne5 Bxc3+ 13. bxc3 Qc7 14.
Bf4 f6 15. O-O fxe5 16. Rfe1 Nd7 17. Re3 b5 18. Rae1 Bb7 19. Bxe5 Rxe5 0-1

[Event "Late-Titled-Tuesday-Blitz-March-26-2024"]
[Site "Chess.com"]
[Date "2024.03.26"]
[Round "1"]
[White "Fandorine"]
[Black "Pawngobblerx2000"]
[Result "1-0"]
[WhiteElo "2914"]
[BlackElo "2487"]
[TimeControl "180+1"]
[EndTime "14:03:06 PDT"]
[Termination "Fandorine won by resignation"]

1. e4 c5 2. Nf3 d6 3. Nc3 Nf6 4. e5 dxe5 5. Nxe5 Nbd7 6. d4 e6 7. Bf4 cxd4 8. Qxd4 Be7 9. O-O-O O-O 10. Bb5 Nxe5 11.
Qxd8 Rxd8 12. Bxe5 a6 13. Be2 Bd7 14. Bf3 Bc6 15.
Bxc6 bxc6 16. Bxf6 Bxf6 17. Ne4 Kf8 18. Nxf6 gxf6 19.
Rxd8+ Rxd8 20. Rd1 Rb8 21. Rd6 Rb6 22. c4 Ke7 23. c5 f5 24. Rxe6+ fxe6 25. cxb6 Kd7 26. b4 1-0

[Event "Late-Titled-Tuesday-Blitz-March-26-2024"]
[Site "Chess.com"]
[Date "2024.03.26"]
[Round "1"]
[White "Kildepiotr"]
[Black "allvim"]
[Result "1-0"]
[WhiteElo "2727"]
[BlackElo "2400"]
[TimeControl "180+1"]
[EndTime "14:03:12 PDT"]
[Termination "Kildepiotr won by resignation"]

1. Nf3 Nf6 2. g3 e6 3. Bg2 d5 4. O-O Be7 5. d3 O-O 6. Nbd2 c5 7. e4 Nc6 8. Re1 b5 9. e5 Nd7 10. Nf1 a5 11. h4 Bb7 12. h5 Qb6 13. h6 g6 14. N1h2 a4 15. a3 b4 16. Ng4 c4 17.
dxc4 dxc4 18. Qxd7 Rfd8 19. Be3 Qa6 20. Qc7 bxa3 21.
bxa3 Rac8 22. Qb6 Qxb6 23. Bxb6 Rd7 24. Red1 Nb8 25. Be3 Kf8 26. Ng5 Bxg2 27. Nxh7+ Ke8 28. Nhf6+ 1-0

[Event "Late-Titled-Tuesday-Blitz-March-26-2024"]
[Site "Chess.com"]
[Date "2024.03.26"]
[Round "1"]
[White "FairChess_on_YouTube"]
[Black "ImportedItalianMaple"]
[Result "1-0"]
[WhiteElo "3121"]
[BlackElo "2530"]
[TimeControl "180+1"]
[EndTime "14:03:22 PDT"]
[Termination "FairChess_on_YouTube won by checkmate"]

1. c4 g6 2. Nc3 Bg7 3. d4 c5 4. d5 Bxc3+ 5. bxc3 e5 6. f4 exf4 7. Bxf4 Qf6 8. Qd2 d6 9. Bg5 Qg7 10. Nf3 Nd7 11. Bf4 Qf6 12. Bg5 Qg7 13. Bf4 Qf6 14. g4 h6 15. h4 Qe7 16. g5 hxg5 17. Bxg5 Ngf6 18. Qf4 Qe4 19. Qxd6 Ng4 20. Bh3 Nb6 21. Qd8# 1-0

[Event "Late-Titled-Tuesday-Blitz-March-26-2024"]
[Site "Chess.com"]
[Date "2024.03.26"]
[Round "1"]
[White "tolimachess"]
[Black "moro182"]
[Result "0-1"]
[WhiteElo "2471"]
[BlackElo "2893"]
[TimeControl "180+1"]
[EndTime "14:03:23 PDT"]
[Termination "moro182 won by resignation"]

1. e4 g6 2. d4 Bg7 3. Nc3 a6 4. Be3 b5 5. Qd2 Bb7 6. f3 Nf6 7. h4 h5 8. Nh3 d6 9. a4 b4 10. Ne2 a5 11. Ng5 e6 12. Nf4 Qe7 13. e5 Nd5 14.
Nxd5 Bxd5 15. c4 bxc3 16. bxc3 dxe5 17. dxe5 Bxe5 18. Bd4 Bxd4 19. Qxd4 O-O 20. c4 Bb7 21. Bd3 Rd8 22. Qc3 Qb4 23. Qxb4 axb4 24. Ke2 Nc6 25. Ne4 Nd4+ 26. Ke3 Nf5+ 27. Ke2 Bxe4 28. Bxe4 Ng3+ 29. Ke3 Nxh1 30. Bxa8 Rxa8 31. Rxh1 Rxa4 32. Rb1 c5 33. g4 Ra3+ 34. Kf4 hxg4 35. fxg4 Rc3 0-1

[Event "Late-Titled-Tuesday-Blitz-March-26-2024"]
[Site "Chess.com"]
[Date "2024.03.26"]
[Round "1"]
[White "Manukyan_Artak"]
[Black "stollenmonster"]
[Result "0-1"]
[WhiteElo "2464"]
[BlackElo "2874"]
[TimeControl "180+1"]
[EndTime "14:03:52 PDT"]
[Termination "stollenmonster won by resignation"]

1. e4 c5 2. Nf3 Nf6 3. Nc3 d5 4. exd5 Nxd5 5. Bc4 Nb6 6. Be2 Nc6 7. O-O e5 8. d3 Be7 9. Ne4 f6 10.
Be3 Nd4 11. c3 Ne6 12. Nh4 g6 13. g4 O-O 14. Qb3 Kh8 15. Ng3 Nf4 16. Bxf4 exf4 17. Ne4 f5 18. gxf5 gxf5 0-1

[Event "Late-Titled-Tuesday-Blitz-March-26-2024"]
[Site "Chess.com"]
[Date "2024.03.26"]
[Round "1"]
[White "Speed-O-Sonic"]
[Black "KaydenTroffChess"]
[Result "0-1"]
[WhiteElo "2447"]
[BlackElo "2844"]
[TimeControl "180+1"]
[EndTime "14:03:52 PDT"]
[Termination "KaydenTroffChess won by resignation"]

1. e4 c5 2. Nc3 g6 3. d4 cxd4 4. Qxd4 Nf6 5. Be3 Bg7 6. f3 d6 7. O-O-O Be6 8. Nge2 Qa5 9. a3 Nbd7 10. Qd2 Rc8 11.
Nf4 Bc4 12. Bxc4 Rxc4 13. Ncd5 Qb5 14. b3 Qxb3 15. Qd3 Qa4 16. Kd2 Nxd5 17. Nxd5 e6 18. Nc3 Rxc3 0-1

[Event "Late-Titled-Tuesday-Blitz-March-26-2024"]
[Site "Chess.com"]
[Date "2024.03.26"]
[Round "1"]
[White "Evandro_Barbosa"]
[Black "KVAIDAN"]
[Result "1-0"]
[WhiteElo "2657"]
[BlackElo "2348"]
[TimeControl "180+1"]
[EndTime "14:03:52 PDT"]
[Termination "Evandro_Barbosa won by resignation"]

1. e4 e5 2. Nf3 d5 3. d4 dxe4 4. Nxe5 Bd6 5. Nc4 Nf6 6. Nxd6+ Qxd6 7. c3 Nc6 8. Be2 Bf5 9. Nd2 O-O-O 10. Nc4 Qe7 11.
Bg5 h6 12. Bh4 g5 13. Bg3 Nd5 14. Ne3 Nxe3 15. fxe3 Be6 16. Qa4 Bd7 17. d5 Nb8 18. Qxa7 f5 19. O-O-O Rhf8 20. d6 Qe6 21. dxc7 1-0

[Event "Late-Titled-Tuesday-Blitz-March-26-2024"]
[Site "Chess.com"]
[Date "2024.03.26"]
[Round "1"]
[White "Kimkibo"]
[Black "kingofthenil"]
[Result "0-1"]
[WhiteElo "2406"]
[BlackElo "2760"]
[TimeControl "180+1"]
[EndTime "14:03:56 PDT"]
[Termination "kingofthenil won by resignation"]

1. d4 Nc6 2. Nf3 d6 3. Bf4 h6 4.
e3 g5 5. Bg3 Bg7 6. Be2 e6 7. O-O Nge7 8. c4 Nf5 9. Nc3 O-O 10.
Rc1 a5 11. d5 Nxg3 12. hxg3 exd5 13. cxd5 Nb4 14. a3 Na6 15. Nb5 Bxb2 16. Rc2 Bg7 17. Nfd4 Bd7 18. f4 Qe7 19. Qd3 Nc5 20. Qc3 Ne4 21.
Qb3 Nxg3 22. Nxc7 Bxd4 23. Rf3 Nxe2+ 24. Rxe2 Rac8 25. Nb5 Rc1+ 26. Kh2 Bg7 27. f5 g4 0-1

[Event "Late-Titled-Tuesday-Blitz-March-26-2024"]
[Site "Chess.com"]
[Date "2024.03.26"]
[Round "1"]
[White "lluiss"]
[Black "maximnovik"]
[Result "0-1"]
[WhiteElo "2219"]
[BlackElo "2597"]
[TimeControl "180+1"]
[EndTime "14:03:57 PDT"]
[Termination "maximnovik won by resignation"]

1. Nf3 Nf6 2. d4 g6 3. g3 Bg7 4. Bg2 d5 5. O-O O-O 6. c4 dxc4 7. Na3 c3 8. bxc3 c5 9. Nc4 Nc6 10. e3 Be6 11. Nfe5 Nd5 12. Nxc6 bxc6 13.
Qc2 Nxc3 14. Qxc3 cxd4 15. Qc2 d3 16. Qa4 0-1

[Event "Late-Titled-Tuesday-Blitz-March-26-2024"]
[Site "Chess.com"]
[Date "2024.03.26"]
[Round "1"]
[White "Slovineanu"]
[Black "Azerichess"]
[Result "0-1"]
[WhiteElo "2523"]
[BlackElo "3038"]
[TimeControl "180+1"]
[EndTime "14:04:07 PDT"]
[Termination "Azerichess won by resignation"]

1. d4 Nf6 2. Nf3 d5 3. c4 c5 4. cxd5 cxd4 5. Nxd4 Qxd5 6. Nc3 Qa5 7. g3 e5 8. Nb3 Qc7 9. Bg2 Bb4 10. O-O Bxc3 11.
bxc3 O-O 12. Bg5 Nbd7 13. Qc2 a5 14. a4 h6 15. Bd2 Nb6 16. Be3 Nc4 17. Bc5 Rd8 18.
Rfd1 Be6 19. Rxd8+ Rxd8 20. Ba3 Bd5 21. Bf1 Bc6 22.
Bc1 Qd7 23. Nc5 Qd5 0-1

[Event "Late-Titled-Tuesday-Blitz-March-26-2024"]
[Site "Chess.com"]
[Date "2024.03.26"]
[Round "1"]
[White "semchik73"]
[Black "AlexPapasimakopoulos"]
[Result "1-0"]
[WhiteElo "2421"]
[BlackElo "2734"]
[TimeControl "180+1"]
[EndTime "14:04:07 PDT"]
[Termination "semchik73 won by resignation"]

1. Nf3 d5 2. c4 e6 3. d4 c6 4. e3 Nf6 5. Nc3 Bd6 6. Bd3 Nbd7 7. O-O O-O 8. e4 dxe4 9. Nxe4 Nxe4 10. Bxe4 Nf6 11. Bc2 Re8 12. Qd3 Bf8 13. Bg5 g6 14.
Ne5 h6 15. Nxf7 hxg5 16. Qxg6+ Bg7 17. Nxd8 Rxd8 18. Qxg5 Bd7 19. f4 b6 20. Rf3 Rf8 21. Rg3 Rf7 22. f5 exf5 23. Bxf5 Rd8 24. Bxd7 Rdxd7 25. Rf1 Ne4 26. Rxf7 Rxf7 27. Qd8+ Rf8 28. Rxg7+ Kxg7 29. Qe7+ Rf7 30. Qxe4 Kf8 31. Qxc6 1-0

[Event "Late-Titled-Tuesday-Blitz-March-26-2024"]
[Site "Chess.com"]
[Date "2024.03.26"]
[Round "1"]
[White "omeed_87"]
[Black "ChessQueen"]
[Result "1-0"]
[WhiteElo "2415"]
[BlackElo "2703"]
[TimeControl "180+1"]
[EndTime "14:04:12 PDT"]
[Termination "omeed_87 won by resignation"]

1. d4 f5 2. Nc3 Nf6 3. Bf4 d5 4. e3 e6 5. a3 Bd6 6. Nf3 O-O 7. Ne5 Nbd7 8. Qf3 Bxe5 9. dxe5 Ng4 10. Qg3 g5 11. h3 gxf4 12. exf4 d4 13. hxg4 Nc5 14. gxf5+ Kh8 15. f6 Rxf6 16. exf6 Qxf6 17. Bd3 Nxd3+ 18. Qxd3 Qf5 19. Qxd4+ Kg8 20. Qd8+ Kg7 21. Qxc7+ 1-0

[Event "Late-Titled-Tuesday-Blitz-March-26-2024"]
[Site "Chess.com"]
[Date "2024.03.26"]
[Round "1"]
[White "VojtechPlat"]
[Black "a-z30"]
[Result "1-0"]
[WhiteElo "2866"]
[BlackElo "2464"]
[TimeControl "180+1"]
[EndTime "14:04:18 PDT"]
[Termination "VojtechPlat won by resignation"]

1. e4 d6 2. d4 Nf6 3. Nc3 g6 4. Bc4 Bg7 5. Qe2 Nc6 6. Nf3 e5 7. dxe5 Nxe5 8. Nxe5 dxe5 9. Bg5 c6 10. O-O O-O 11. Qf3 h6 12. Bh4 g5 13. Bg3 Bg4 14. Qe3 Nh5 15. f3 Bd7 16. Bf2 Nf4 17. Rad1 Qe7 18.
Qc5 Rfe8 19. Qxe7 Rxe7 20. Bc5 Rae8 21. Bxe7 Rxe7 22. Rd2 Be6 23. Bxe6 Nxe6 24. Ne2 Nd4 25. Rfd1 Rd7 26. Kf1 Rc7 27. c3 Nxe2 28. Kxe2 Kf8 29.
Rd7 1-0

[Event "Late-Titled-Tuesday-Blitz-March-26-2024"]
[Site "Chess.com"]
[Date "2024.03.26"]
[Round "1"]
[White "Genghis_K"]
[Black "SHIVACalypso"]
[Result "1-0"]
[WhiteElo "2924"]
[BlackElo "2495"]
[TimeControl "180+1"]
[EndTime "14:04:24 PDT"]
[Termination "Genghis_K won by resignation"]

1. e4 c5 2. Nf3 Nc6 3. Bb5 g6 4. O-O Bg7 5. c3 a6 6. Bxc6 bxc6 7. d4 cxd4 8. cxd4 d6 9. h3 Nf6 10. Nc3 O-O 11. Re1 Bb7 12. Bf4 Re8 13. Qd2 d5 14. e5 Ne4 15. Qe3 Nxc3 16. bxc3 e6 17. Bh6 Qc7 18. Nh2 c5 19. Bxg7 Kxg7 20. Ng4 f5 21.
exf6+ Kg8 22. Nh6+ Kf8 23. Rab1 Rab8 24. f7 Re7 25. Qg5 Rxf7 26. Nxf7 Kxf7 27. dxc5 Qxc5 28. Qf4+ 1-0

[Event "Late-Titled-Tuesday-Blitz-March-26-2024"]
[Site "Chess.com"]
[Date "2024.03.26"]
[Round "1"]
[White "Ykow"]
[Black "Msb2"]
[Result "0-1"]
[WhiteElo "2517"]
[BlackElo "3033"]
[TimeControl "180+1"]
[EndTime "14:04:31 PDT"]
[Termination "Msb2 won by resignation"]

1. e4 e6 2. d4 d5 3. exd5 exd5 4.
Nf3 Nc6 5. Bb5 a6 6. Bxc6+ bxc6 7. O-O Bd6 8. c4 dxc4 9. Nbd2 Ne7 10. Nxc4 O-O 11. h3 Be6 12. b3 Ng6 13. Be3 Bd5 14.
Rc1 Re8 15. Re1 Qf6 16. Nxd6 cxd6 17. Nh2 Nh4 18. Qg4 Nxg2 19. Bg5 Rxe1+ 20. Rxe1 Qg6 21. Re2 h5 22. Qg3 h4 23. Qg4 f5 0-1

[Event "Late-Titled-Tuesday-Blitz-March-26-2024"]
[Site "Chess.com"]
[Date "2024.03.26"]
[Round "1"]
[White "NovakCabarkapa"]
[Black "Laico"]
[Result "1-0"]
[WhiteElo "2752"]
[BlackElo "2405"]
[TimeControl "180+1"]
[EndTime "14:04:33 PDT"]
[Termination "NovakCabarkapa won by resignation"]

1. d4 e6 2. Nc3 Bb4 3. Qd3 d5 4. a3 Bxc3+ 5. Qxc3 Nf6 6. Bf4 Nc6 7. O-O-O Ne4 8. Qe3 Qf6 9. f3 Nf2 10. Qxf2 Qxf4+ 11. e3 Qd6 12. f4 Bd7 13. Nf3 O-O-O 14. Kb1 f6 15. c4 Be8 16. c5 Bg6+ 17. Ka1 Qe7 18. b4 Rhf8 19. Qd2 Be4 20. b5 Nb8 21. Qb4 e5 22. fxe5 Bxf3 23. gxf3 fxe5 24. Bh3+ Nd7 25.
c6 Qh4 26. Bxd7+ Kb8 27. dxe5 Qf2 28. e6 1-0

[Event "Late-Titled-Tuesday-Blitz-March-26-2024"]
[Site "Chess.com"]
[Date "2024.03.26"]
[Round "1"]
[White "Beca95"]
[Black "SameerMujumdar"]
[Result "1-0"]
[WhiteElo "2943"]
[BlackElo "2504"]
[TimeControl "180+1"]
[EndTime "14:04:40 PDT"]
[Termination "Beca95 won by resignation"]

1. b3 Nc6 2. Bb2 d5 3. e3 Nf6 4. f4 Bg4 5. Be2 Bxe2 6. Qxe2 e6 7. Nf3 Be7 8. d3 O-O 9. Nbd2 Nd7 10. g4 Bf6 11. d4 Bh4+ 12. Kd1 Be7 13. a3 a5 14. g5 a4 15. b4 b6 16. h4 Bd6 17. h5 Ne7 18. b5 Nf5 19. Rh3 Qc8 20. Nh4 Nxh4 21.
Rxh4 c5 22. dxc5 Nxc5 23. g6 f6 24. gxh7+ Kh8 25. Qg2 Ra7 26. h6 Qe8 27. Rg4 gxh6 28. Bxf6+ 1-0

[Event "Late-Titled-Tuesday-Blitz-March-26-2024"]
[Site "Chess.com"]
[Date "2024.03.26"]
[Round "1"]
[White "publicaccountcze"]
[Black "Statham_01"]
[Result "0-1"]
[WhiteElo "2245"]
[BlackElo "2606"]
[TimeControl "180+1"]
[EndTime "14:04:51 PDT"]
[Termination "Statham_01 won by checkmate"]

1. e4 e5 2. Nf3 Nf6 3. Nxe5 d5 4.
exd5 Qxd5 5. Nf3 Bg4 6. Nc3 Qh5 7. Be2 Nc6 8. d3 Bd6 9. Be3 O-O 10. Qd2 a5 11. h3 b5 12. O-O-O Bd7 13. Nd4 Qg6 14. Ndxb5 Rab8 15. g4 Bb4 16. a4 Nd5 17. Bf3 Nxc3 18. Nxc3 Ne5 19. Be4 Qd6 20. f4 Ba3 21. Nb5 Bxb5 22.
fxe5 Bxb2+ 23. Kxb2 Bc4+ 24. Kc3 Qb4+ 25. Kd4 c5# 0-1

[Event "Late-Titled-Tuesday-Blitz-March-26-2024"]
[Site "Chess.com"]
[Date "2024.03.26"]
[Round "1"]
[White "m_ezat"]
[Black "lukazz029"]
[Result "1-0"]
[WhiteElo "2554"]
[BlackElo "2046"]
[TimeControl "180+1"]
[EndTime "14:04:52 PDT"]
[Termination "m_ezat won by resignation"]

1. d4 Nf6 2. c4 g6 3. Nc3 d6 4.
e4 Bg7 5. Be2 O-O 6. Bg5 c5 7.
d5 e6 8. Qd2 exd5 9. exd5 a6 10. a4 Nbd7 11. Nf3 Qc7 12. h3 h5 13. O-O Nh7 14.
Bf4 Re8 15. Bd3 Ndf8 16. Rfe1 Bd7 17. Ne4 Be5 18. Nxe5 dxe5 19. Be3 f5 20. d6 Qc6 21. Nxc5 f4 22. Be4 fxe3 23. Qxe3 Qxd6 24. Rad1 Qe7 25. Bxb7 Rab8 26. Bxa6 Rxb2 27. Nxd7 Nxd7 28. Bb5 Nhf6 29. Qd3 Qc5 30. Qxg6+ Kf8 31. Bxd7 Nxd7 32. Qf5+ Kg8 33.
Rxd7 1-0

[Event "Late-Titled-Tuesday-Blitz-March-26-2024"]
[Site "Chess.com"]
[Date "2024.03.26"]
[Round "1"]
[White "prime-morty"]
[Black "yujiarun18"]
[Result "1-0"]
[WhiteElo "2569"]
[BlackElo "2118"]
[TimeControl "180+1"]
[EndTime "14:04:58 PDT"]
[Termination "prime-morty won by resignation"]

1. c4 e6 2. Nc3 d5 3. e3 Nf6 4. Nf3 Be7 5. g4 O-O 6. g5 Ne4 7. h4 f6 8. cxd5 fxg5 9. Nxe4 g4 10. Nd4 exd5 11. Ng3 Bxh4 12. Rg1 Qf6 13. Qe2 b6 14. Bg2 c6 15. b3 Ba6 16. d3 Bxd3 17. Qd2 Ba6 18.
Bb2 Qf7 19. Nxc6 Kh8 20. Bxd5 Qe8 21. Nh5 Qxh5 22. O-O-O Nxc6 23. Bxc6 Rac8 24. Qd7 Qc5+ 25. Kb1 Bf6 26. Bxf6 Rxf6 27. Be4 Rxf2 28. Rxg4 Qe5 29. Qxc8+ Bxc8 30. Rd8+ 1-0

[Event "Late-Titled-Tuesday-Blitz-March-26-2024"]
[Site "Chess.com"]
[Date "2024.03.26"]
[Round "1"]
[White "ozates"]
[Black "salgadoLO"]
[Result "1-0"]
[WhiteElo "2589"]
[BlackElo "2185"]
[TimeControl "180+1"]
[EndTime "14:05:00 PDT"]
[Termination "ozates won by resignation"]

1. d4 d5 2. Nf3 c6 3. e3 Nf6 4.
Nbd2 Bf5 5. Bd3 Bg6 6. O-O e6 7. Ne5 Bxd3 8. cxd3 Nbd7 9. f4 Be7 10. Qf3 O-O 11. Qh3 c5 12. Ndf3 Rc8 13. Bd2 cxd4 14. Nxd4 Nxe5 15. fxe5 Nd7 16. Bc3 a6 17. Rf4 Nxe5 18.
Nxe6 fxe6 19. Qxe6+ Nf7 20. Raf1 Rc6 21. Rxf7 Rxe6 22.
Rxg7+ Kh8 23. Rxe7+ Ref6 24. Rxf6 Rxf6 25. Bxf6+ Kg8 26.
Rg7+ Kf8 27. Bxd8 1-0

[Event "Late-Titled-Tuesday-Blitz-March-26-2024"]
[Site "Chess.com"]
[Date "2024.03.26"]
[Round "1"]
[White "Klendi"]
[Black "VitaliyBernadskiy"]
[Result "0-1"]
[WhiteElo "2476"]
[BlackElo "2897"]
[TimeControl "180+1"]
[EndTime "14:05:04 PDT"]
[Termination "VitaliyBernadskiy won by resignation"]

1. e4 g6 2. d4 Bg7 3. Nf3 d6 4. Be2 Nf6 5. Nc3 O-O 6. O-O c6 7. e5 Nfd7 8. Bf4 Nb6 9. Qd2 Bg4 10. Rad1 Na6 11. a3 Nc7 12. h3 Bxf3 13. Bxf3 dxe5 14.
dxe5 Qxd2 15. Rxd2 Ne6 16. Bg3 Rfd8 17. Rxd8+ Rxd8 18. Ne4 Nc4 19. a4 Bxe5 20. Be2 Rd4 21. Bxc4 Rxc4 22.
Bxe5 Rxe4 23. Bc3 Nf4 24. Kh2 Rxa4 25. Rd1 Nd5 26. Be5 f6 27. Bg3 Rc4 28. Rd2 Kf7 29. b3 Rc3 30. f3 Ne3 31. Kg1 Rxc2 32. Rd7 Rxg2+ 33. Kh1 Rxg3 34. Rxb7 Rxh3+ 0-1

[Event "Late-Titled-Tuesday-Blitz-March-26-2024"]
[Site "Chess.com"]
[Date "2024.03.26"]
[Round "1"]
[White "BillieKimbah"]
[Black "b_6"]
[Result "1-0"]
[WhiteElo "2968"]
[BlackElo "2506"]
[TimeControl "180+1"]
[EndTime "14:05:06 PDT"]
[Termination "BillieKimbah won by resignation"]

1. d4 Nf6 2. Nf3 g6 3. Nbd2 Bg7 4. e4 d6 5. Bd3 O-O 6. O-O Nc6 7. c3 e5 8. dxe5 dxe5 9. Nc4 Bg4 10. h3 Bxf3 11. Qxf3 Nd7 12. Rd1 Qe7 13. b4 Qe6 14. Ne3 Nb6 15. Nd5 Rac8 16. a4 Rfe8 17. a5 Nxd5 18.
exd5 e4 19. dxe6 exf3 20. exf7+ Kxf7 21. Bc4+ Kf8 22. Be3 Bxc3 23. Rac1 Bxb4 24. Bh6+ Ke7 25. Bg5+ Kf8 26. Rd7 Re1+ 27. Rxe1 Bxe1 28. Rxh7 Bc3 29.
Be6 Re8 30. Bh6+ 1-0

[Event "Late-Titled-Tuesday-Blitz-March-26-2024"]
[Site "Chess.com"]
[Date "2024.03.26"]
[Round "1"]
[White "alexrustemov"]
[Black "prochn"]
[Result "1-0"]
[WhiteElo "2928"]
[BlackElo "2496"]
[TimeControl "180+1"]
[EndTime "14:05:06 PDT"]
[Termination "alexrustemov won on time"]

1. d4 d5 2. c4 c6 3. Nc3 Nf6 4. e3 Bf5 5. cxd5 cxd5 6. Qb3 Nc6 7. Qxb7 Bd7 8. Qb3 Rb8 9. Qd1 e5 10. Nge2 Bd6 11. dxe5 Nxe5 12. Nf4 O-O 13. Be2 Re8 14. O-O Neg4 15. h3 Bxf4 16. exf4 Nh6 17. Bf3 Be6 18. g4 d4 19. Ne2 d3 20. Ng3 Bd5 21. Qxd3 Bxf3 22. Qxf3 Nd5 23. Rd1 Qa5 24. Rxd5 Qe1+ 25. Kg2 Rec8 26. Rd1 1-0

[Event "Late-Titled-Tuesday-Blitz-March-26-2024"]
[Site "Chess.com"]
[Date "2024.03.26"]
[Round "1"]
[White "titomagno_64"]
[Black "arenal72"]
[Result "0-1"]
[WhiteElo "2301"]
[BlackElo "2619"]
[TimeControl "180+1"]
[EndTime "14:05:09 PDT"]
[Termination "arenal72 won by resignation"]

1. d4 d6 2. Nf3 g6 3. g3 Bg7 4.
Bg2 Nf6 5. O-O O-O 6. b3 c5 7.
Bb2 cxd4 8. Nxd4 a6 9. a4 Qc7 10. Na3 Bd7 11. Rc1 Nc6 12. h3 Rac8 13. Nc4 Rfd8 14.
Qd2 d5 15. Ne3 e5 16. Nxc6 Bxc6 17. Rfd1 d4 18. Nc4 Bxg2 19. Kxg2 b5 20. axb5 axb5 21. Na3 Bf8 22. Kh2 Ne4 23. Qe1 Qb7 24. e3 Ng5 25. Qh1 Nf3+ 26. Kg2 dxe3 27. fxe3 Bxa3 28. Bxa3 Rxd1 29.
Qxd1 Nh4+ 30. Kf1 Qg2+ 0-1

[Event "Late-Titled-Tuesday-Blitz-March-26-2024"]
[Site "Chess.com"]
[Date "2024.03.26"]
[Round "1"]
[White "MaiqMaster"]
[Black "EgorYakovlev"]
[Result "0-1"]
[WhiteElo "2385"]
[BlackElo "2702"]
[TimeControl "180+1"]
[EndTime "14:05:10 PDT"]
[Termination "EgorYakovlev won by resignation"]

1. e4 c5 2. Nc3 a6 3. g3 b5 4. Bg2 Bb7 5. Nge2 e6 6. d4 cxd4 7. Nxd4 d6 8. O-O Nf6 9. Re1 Nbd7 10. a3 Qc7 11. Be3 Ne5 12. Qc1 Neg4 13. Bg5 Qb6 14. Qd2 h6 15. Bxf6 Nxf6 16. Rad1 Rd8 17. Nb3 Be7 18. h3 O-O 19. Qe3 Qc7 20. Rd2 Nd7 21. Red1 Ne5 22. Bf1 Nc4 23. Bxc4 bxc4 24. Nd4 Bf6 25.
Nde2 Rfe8 26. f4 d5 27. e5 Be7 28. Kh2 f6 29. exf6 Bxf6 30. Qf2 Qf7 31. Nd4 e5 32. fxe5 Rxe5 33. Nf3 Rf5 34. Qe2 Bxc3 35. bxc3 Rxf3 0-1

[Event "Late-Titled-Tuesday-Blitz-March-26-2024"]
[Site "Chess.com"]
[Date "2024.03.26"]
[Round "1"]
[White "olga-belka"]
[Black "marcodobrikov"]
[Result "1-0"]
[WhiteElo "2353"]
[BlackElo "2624"]
[TimeControl "180+1"]
[EndTime "14:05:11 PDT"]
[Termination "olga-belka won by checkmate"]

1. e4 e5 2. d4 exd4 3. Qxd4 Nc6 4.
Qc4 Nf6 5. Nc3 Bb4 6. Bd2 O-O 7.
O-O-O d6 8. a3 Be6 9. Qe2 Ba5 10. f3 a6 11. g4 b5 12. g5 Nd7 13. Nd5 Bxd2+ 14.
Qxd2 Bxd5 15. exd5 Nce5 16. f4 Nc4 17. Qd4 Ndb6 18.
Nf3 Re8 19. Bd3 Ne3 20. Rde1 Nexd5 21. Be4 c6 22. f5 a5 23. h4 b4 24. a4 Nxa4 25.
h5 Nc5 26. h6 f6 27. Bxd5+ cxd5 28. Qxd5+ Kf8 29. hxg7+ Kxg7 30. gxf6+ Kf8 31. Rxh7 Rxe1+ 32. Nxe1 Nb3+ 33. Kd1 Qxf6 34. Qxa8+ Qd8 35. Qxd8# 1-0